 Dungeon Sprint DCSS version 0.27.1-1-g398f81649c (webtiles) character file.

Game seed: 5359850499405110747

26683 Dadi the Impregnable (level 13, -4/99 HPs)
             Began as a Gargoyle Berserker on Sept 14, 2021.
             Was the Champion of Trog.
             Engulfed by Lom Lobon's freezing vapour (13 damage)
             ... in the Dungeon (Sprint I: "Red Sonja").
             The game lasted 00:18:44 (3361 turns).

Dadi the Impregnable (Gargoyle Berserker)           Turns: 3361, Time: 00:18:45

Health: -4/99      AC: 38    Str: 34    XL:     13   Next: 27%
Magic:  0/4        EV: 23    Int: 13    God:    Trog [******]
Gold:   822        SH:  6    Dex:  7    Spells: 12/12 levels left

rFire    + + .     SeeInvis +   j - +5 morningstar of Izaham {vorpal, Str+8}
rCold    + . .     Faith    .   o - +2 buckler of the Lumpy Artists {SInv}
rNeg     + . .     Spirit   .   q - +0 gold dragon scales
rPois    ∞         Reflect  .   (helmet restricted)
rElec    +         Harm     .   u - scarf {shadows}
rCorr    .         Rampage  .   (no gloves)
Will     .....     Rnd*Rage +   t - +2 pair of boots of the Stars {Regen+ MP-9 Slay+3} Stlth ..........NoTele +
                                p - amulet of the acrobat
HPRegen  1.26/turn              n - ring of Impatience {rPois rF+ Int+5 Slay+2}
MPRegen  0.09/turn              w - ring of flight

@: unable to read, on berserk cooldown, acrobatic, flying, slowed, studying
Maces & Flails, very slow
A: sickness immunity, AC +9, negative energy resistance 1, electricity
resistance, torment resistance 1, petrification resistance, antennae 1, berserk
1, clumsy 1, subdued magic 1, inability to read while threatened
a: Renounce Religion, Berserk, Trog's Hand, Brothers in Arms


You were in the Dungeon.
You worshipped Trog.
Trog was exalted by your worship.
You visited 1 branch You collected 4340 gold pieces.
You spent 3518 gold pieces at shops.

Inventory:

Hand Weapons
 a - a +0 mace
 j - the +5 morningstar of Izaham (weapon) {vorpal, Str+8}
   (You acquired it in the Dungeon)

   It inflicts extra damage upon your enemies.
   Str:       It affects your strength (+8).
Armour
 b - a +0 animal skin
 i - a +0 ring mail
 m - a +3 scale mail of fire resistance
 o - the +2 buckler of the Lumpy Artists (worn) {SInv}
   (You bought it in a shop in the Dungeon)

   SInv:      It lets you see invisible.
 q - +0 gold dragon scales (worn)
 t - the +2 pair of boots of the Stars (worn) {Regen+ MP-9 Slay+3}
   (You bought it in a shop in the Dungeon)

   Slay:      It affects your accuracy & damage with ranged weapons and melee
   (+3).
   MP:        It affects your magic capacity (-9).
   Regen:     It increases your rate of health regeneration.
 u - a scarf of shadows (worn)
Jewellery
 n - the ring of Impatience (left hand) {rPois rF+ Int+5 Slay+2}
   (You bought it in a shop in the Dungeon)

   [ring of protection from fire]

   Int:       It affects your intelligence (+5).
   Slay:      It affects your accuracy & damage with ranged weapons and melee
   (+2).
   rF:        It protects you from fire.
   rPois:     It protects you from poison.
 p - an amulet of the acrobat (around neck)
 r - a ring of see invisible
 w - a ring of flight (right hand)
Scrolls
 h - 3 scrolls of blinking
 k - a scroll of summoning {unknown}
 l - a scroll of enchant armour {unknown}
 s - a scroll of vulnerability {unknown}
 v - a scroll of enchant weapon {unknown}
 x - a scroll of fog
Potions
 c - 3 potions of curing
 d - 2 potions of heal wounds
 e - 3 potions of haste
 f - 2 potions of magic
 g - a potion of berserk rage


   Skills:
 + Level 18.6 Fighting
 * Level 18.5 Maces & Flails
 - Level 24.0 Armour
 - Level 1.5 Dodging
 - Level 4.0 Shields


You had 12 spell levels left.
You didn't know any spells.
Your spell library was empty.

Dungeon Overview and Level Annotations

Branches:
Dungeon (1/1)

Altars:
Cheibriados
Dithmenos
Elyvilon
Fedhas
Gozag
Hepliaklqana
Kikubaaqudgha
Makhleb
Nemelex Xobeh
Okawaru
Qazlal
Ru
Sif Muna
Trog
Uskayaw
Vehumet
Wu Jian
Xom
Yredelemnul
Zin
The Shining One
Jiyva
Lugonu

Shops:
D [[*?=[*==(*[[[??[[*[([

Annotations:
D Lernaean hydra, Lom Lobon


Innate Abilities, Weirdness & Mutations

You are immune to sickness and miasma.
Your stone body is resilient. (AC +9)
You are immune to poison.
You resist negative energy. (rN+)
You are resistant to electric shocks. (rElec)
You are resistant to unholy torment.
You are immune to petrification.
You have a pair of small antennae on your head.
You tend to lose your temper in combat.
You are clumsy. (Dex -2)
Your spells are a little easier to cast, but a little less powerful.
You sometimes lose the ability to read scrolls when taking damage.


Message History

Lom Lobon is heavily wounded.
You are engulfed in freezing vapours.
You resist.
You impale Lom Lobon!!
Lom Lobon is severely wounded.
You are engulfed in freezing vapours.
You resist.
* * * LOW HITPOINT WARNING * * *
Lom Lobon completely misses you.
You impale Lom Lobon!!
Lom Lobon is severely wounded.
You are engulfed in freezing vapours.
You resist.
* * * LOW HITPOINT WARNING * * *
You puncture Lom Lobon!
Lom Lobon is severely wounded.
You are engulfed in freezing vapours.
You resist.
* * * LOW HITPOINT WARNING * * *
Lom Lobon screams, "Embrace submission, thou droning swag-bellied bounder!"
Lom Lobon blinks!
You are engulfed in freezing vapours.
You resist.
You feel a strong urge to attack something.
You are engulfed in freezing vapours.
You resist.
* * * LOW HITPOINT WARNING * * *
The ice encasing you melts away.
You're standing in a cloud of freezing vapour!
You are engulfed in freezing vapours.
You resist.
You are no longer berserk.
You are exhausted.
You feel yourself slow down.
You are engulfed in freezing vapours.
You resist.
You are engulfed in freezing vapours.
You resist.
The 27-headed Lernaean hydra comes into view.
You cannot read scrolls in your current state!
You are engulfed in freezing vapours.
You resist.
The 27-headed Lernaean hydra roars deafeningly!
Lom Lobon hits you.
* * * LOW HITPOINT WARNING * * *
You feel your power leaking away.
You closely miss Lom Lobon.
Lom Lobon is severely wounded.
You are engulfed in freezing vapours.
You resist.
You die...

.#§#.###§.§#######)#.§§§§#####,,,
)§§#'#.###'#))"##§§#§§§§§#.§.#,,,
####^..#y#.##$$$#..##.§§§#.§.#,,,
...#...###..###$#..≈###§##.§.#,,,
°○^'.....##.#A#$#.)≈..#§####'#,,,
○○.#^....#..###$#..≈.##'#.^..##,,
^^^###''##.##..$#..≈##§..§§§.§##,
..###..###..#'###&.≈#.^§§§§§.§.#,
..####..###...#○@§.##...§^§.§..##
#'#..#(.#.###.#§○○.#...§..§.....#
#)#.........#)###§.#.....§§§....#
###.........#.#.+§D##^..§.^..^.##
..'..○...####'#{##'##..........#,
####...###....#&#≈≈≈##........##,
.))#####...####.#≈≈≈≈##..:..(##,,
.....))))###.^&.#≈≈≈≈≈########,,,
(....#####°.°○###*≈≈≈≈#≈≈≈≈≈*,,,,


You could see Lom Lobon (gusty) and the 27-headed Lernaean hydra.

Vanquished Creatures
  A golden dragon (D)
  A shadow dragon (D)
  4 fire giants (D)
  A lorocyproca (D)
  A deep elf annihilator (D)
  A mummy priest (D)
  A hydra (D)
  2 centaur warriors (D)
  Sonja (D)
  A deep troll (D)
  A lindwurm (D)
  2 oklob plants (D)
  A shining eye (D)
  2 merfolk sirens (D)
  A gargoyle (D)
  7 unseen horrors (D)
  2 kobold demonologists (D)
  A hellwing (D)
  4 demonic crawlers (D)
  A slime creature (D)
  5 hornets (D)
  Sigmund (D)
  2 redbacks (D)
  A yak (D)
  13 hogs (D)
  3 floating eyes (D)
  7 necrophages (D)
  An ogre (D)
  8 jellies (D)
  Ijyb (D)
78 creatures vanquished.

Vanquished Creatures (collateral kills)
  7 shining eyes (D)
  4 floating eyes (D)
11 creatures vanquished.

Vanquished Creatures (others)
  A gargoyle (D)
  12 ball lightnings (D)
  2 ballistomycete spores (D)
15 creatures vanquished.

Grand Total: 104 creatures vanquished

Notes
Turn   | Place    | Note
-------+----------+-------------------------------------------
     0 | D        | Dadi the Gargoyle Berserker began the quest for the Orb.
     0 | D        | Reached XP level 1. HP: 14/14 MP: 1/1
     1 | D        | Noticed Ijyb
     6 | D        | Killed Ijyb
     7 | D        | Reached skill level 5 in Fighting
     7 | D        | Reached skill level 5 in Maces & Flails
     7 | D        | Reached XP level 2. HP: 21/21 MP: 2/2
     7 | D        | Reached XP level 3. HP: 26/26 MP: 3/3
    49 | D        | Noticed an ogre
    54 | D        | Killed an ogre
    55 | D        | Reached XP level 4. HP: 35/35 MP: 4/4
    90 | D        | Noticed Sigmund
   102 | D        | Killed Sigmund
   102 | D        | Reached ** piety under Trog
   103 | D        | Reached skill level 10 in Fighting
   103 | D        | Reached XP level 5. HP: 42/42 MP: 5/5
   103 | D        | Reached XP level 6. HP: 48/48 MP: 6/6
   156 | D        | Found an ornate altar of the Wu Jian Council.
   156 | D        | Found a shimmering blue altar of Sif Muna.
   158 | D        | Found a radiant altar of Vehumet.
   315 | D        | Found Giyjek's Magic Scroll Emporium.
   315 | D        | Found an ancient bone altar of Kikubaaqudgha.
   315 | D        | Found a hazy altar of Hepliaklqana.
   315 | D        | Found a hide-covered altar of Uskayaw.
   315 | D        | Found a basalt altar of Yredelemnul.
   315 | D        | Found an opulent altar of Gozag.
   315 | D        | Found a snail-covered altar of Cheibriados.
   315 | D        | Found a sacrificial altar of Ru.
   315 | D        | Found a shadowy altar of Dithmenos.
   315 | D        | Noticed a yak
   320 | D        | Killed a yak
   321 | D        | Reached skill level 10 in Maces & Flails
   321 | D        | Reached XP level 7. HP: 54/54 MP: 7/7
   323 | D        | Found a stormy altar of Qazlal.
   323 | D        | Found a blossoming altar of Fedhas.
   323 | D        | Found a bloodstained altar of Trog.
   323 | D        | Found an iron altar of Okawaru.
   323 | D        | Found a glowing golden altar of the Shining One.
   323 | D        | Found a glowing silver altar of Zin.
   323 | D        | Found a white marble altar of Elyvilon.
   325 | D        | Found a sparkling altar of Nemelex Xobeh.
   374 | D        | Found a burning altar of Makhleb.
   374 | D        | Found a shimmering altar of Xom.
   374 | D        | Noticed a slime creature
   375 | D        | Found a viscous altar of Jiyva.
   375 | D        | Found a corrupted altar of Lugonu.
   380 | D        | Killed a slime creature
   380 | D        | Reached *** piety under Trog
   465 | D        | Noticed a centaur warrior
   468 | D        | Noticed a centaur warrior
   477 | D        | Killed a centaur warrior
   478 | D        | Reached XP level 8. HP: 64/64 MP: 8/8
   482 | D        | Killed a centaur warrior
   483 | D        | Reached skill level 15 in Fighting
   483 | D        | Reached XP level 9. HP: 69/71 MP: 9/9
   604 | D        | Noticed a kobold demonologist
   604 | D        | Noticed a kobold demonologist
   608 | D        | Noticed an ice devil
   614 | D        | Noticed a hellwing
   618 | D        | Killed a kobold demonologist
   618 | D        | Reached **** piety under Trog
   624 | D        | Killed a kobold demonologist
   800 | D        | Noticed Sonja
   813 | D        | Killed Sonja
   814 | D        | Reached skill level 15 in Maces & Flails
   899 | D        | Bought a scroll of acquirement for 572 gold pieces
   900 | D        | Acquired the +5 morningstar of Izaham {vorpal, Str+8}
   912 | D        | Noticed a deep troll
   920 | D        | Killed a deep troll
   920 | D        | Reached ***** piety under Trog
   921 | D        | Reached XP level 10. HP: 79/80 MP: 10/10
  1098 | D        | Noticed an oklob plant
  1102 | D        | Killed an oklob plant
  1154 | D        | Received a gift from Trog
  1229 | D        | Killed an unseen horror
  1230 | D        | Reached skill level 3 in Armour
  1233 | D        | Killed an unseen horror
  1241 | D        | Killed a gargoyle
  1285 | D        | Reached skill level 4 in Armour
  1288 | D        | Received a gift from Trog
  1298 | D        | Reached skill level 5 in Armour
  1302 | D        | Reached ****** piety under Trog
  1309 | D        | Received a gift from Trog
  1314 | D        | Reached skill level 6 in Armour
  1357 | D        | Found Kagh's Jewellery Shoppe.
  1357 | D        | Found Ziehoc's Assorted Antiques.
  1357 | D        | Found Ijahet's Jewellery Boutique.
  1359 | D        | Found Vamogg's Antique Weapon Emporium.
  1359 | D        | Found Hoeheud's General Store.
  1359 | D        | Found Latitees's Armour Shoppe.
  1359 | D        | Found Demum's Armour Boutique.
  1359 | D        | Found Wuwupsigh's Antique Armour Emporium.
  1359 | D        | Found Kuasomin's Magic Scroll Shop.
  1359 | D        | Found Oleumum's Magic Scroll Shoppe.
  1362 | D        | Found Irgheu Yjywn's Antique Armour Boutique.
  1363 | D        | Found Hiti's General Store.
  1363 | D        | Found Duawk's Antique Armour Boutique.
  1364 | D        | Found Varohoil's Antique Weapon Emporium.
  1385 | D        | Bought the ring of Impatience {rPois rF+ Int+5 Slay+2} for
                  | 551 gold pieces
  1431 | D        | Found Pupeo's Armour Boutique.
  1439 | D        | Bought the +2 buckler of the Lumpy Artists {SInv} for 308
                  | gold pieces
  1450 | D        | Noticed a shining eye
  1450 | D        | Noticed a shining eye
  1450 | D        | Noticed a shining eye
  1450 | D        | Noticed a shining eye
  1450 | D        | Noticed a shining eye
  1450 | D        | Noticed a shining eye
  1451 | D        | Gained mutation: You are clumsy. (Dex -2) [a shining eye]
  1451 | D        | Paralysed by a floating eye for 2 turns
  1452 | D        | Killed a shining eye
  1452 | D        | Gained mutation: You sometimes lose the ability to read
                  | scrolls when taking damage. [a shining eye]
  1452 | D        | Gained mutation: You tend to lose your temper in combat. [a
                  | shining eye]
  1453 | D        | Reached skill level 7 in Armour
  1453 | D        | Received a gift from Trog
  1454 | D        | Killed a shining eye
  1455 | D        | Reached skill level 8 in Armour
  1456 | D        | Noticed a shining eye
  1456 | D        | Noticed a shining eye
  1456 | D        | Killed a shining eye
  1457 | D        | Reached XP level 11. HP: 87/87 MP: 11/11
  1458 | D        | Gained mutation: You have a pair of small antennae on your
                  | head. [a shining eye]
  1458 | D        | Killed a shining eye
  1459 | D        | Reached skill level 9 in Armour
  1459 | D        | Killed a shining eye
  1459 | D        | Gained mutation: Your spells are a little easier to cast,
                  | but a little less powerful. [a shining eye]
  1460 | D        | Reached skill level 10 in Armour
  1461 | D        | Killed a shining eye
  1462 | D        | Reached skill level 11 in Armour
  1463 | D        | Killed a shining eye
  1464 | D        | Killed a shining eye
  1467 | D        | Reached skill level 12 in Armour
  1483 | D        | Found Fenny's Jewellery Shop.
  1483 | D        | Found Ygynudog's Antique Armour Shoppe.
  1483 | D        | Found Itiuhuk's Armour Boutique.
  1483 | D        | Found Qich's General Store.
  1501 | D        | Bought a potion of haste for 130 gold pieces
  1526 | D        | Found Meashrusu's Armour Emporium.
  1561 | D        | Received a gift from Trog
  1570 | D        | Reached skill level 13 in Armour
  1630 | D        | Noticed a lindwurm
  1633 | D        | Killed a lindwurm
  1697 | D        | Reached skill level 14 in Armour
  1770 | D        | Received a gift from Trog
  1780 | D        | Reached skill level 15 in Armour
  1786 | D        | Received a gift from Trog
  1795 | D        | Reached skill level 16 in Armour
  1841 | D        | Noticed a 12-headed hydra
  1842 | D        | Paralysed by a floating eye for 2 turns
  1845 | D        | Killed a 12-headed hydra
  1989 | D        | Noticed a shadow dragon
  1989 | D        | Noticed a golden dragon
  2008 | D        | Killed a shadow dragon
  2008 | D        | Received a gift from Trog
  2009 | D        | Reached skill level 17 in Armour
  2009 | D        | Reached XP level 12. HP: 47/92 MP: 12/12
  2207 | D        | Killed a golden dragon
  2208 | D        | Reached skill level 19 in Armour
  2372 | D        | Found Rithrimn's Antique Armour Shoppe.
  2391 | D        | Bought a pair of ichor-stained boots for 171 gold pieces
  2391 | D        | Identified the +2 pair of boots of the Stars {Regen+ MP-9
                  | Slay+3} (You bought it in a shop in the Dungeon)
  2391 | D        | Bought a glowing scarf for 144 gold pieces
  2461 | D        | Bought a scroll of acquirement for 572 gold pieces
  2461 | D        | Acquired a manual of Armour
  2491 | D        | Noticed a lorocyproca
  2503 | D        | Killed a lorocyproca
  2504 | D        | Reached skill level 20 in Armour
  2677 | D        | Noticed a daeva
  2692 | D        | Reached skill level 21 in Armour
  2700 | D        | Received a gift from Trog
  2785 | D        | Noticed a fire giant
  2787 | D        | Noticed a fire giant
  2787 | D        | Noticed a fire giant
  2788 | D        | Noticed a fire giant
  2793 | D        | Killed a fire giant
  2794 | D        | Reached skill level 22 in Armour
  2796 | D        | Killed a fire giant
  2797 | D        | Reached skill level 23 in Armour
  2801 | D        | Killed a fire giant
  2806 | D        | Killed a fire giant
  2807 | D        | Reached skill level 24 in Armour
  2807 | D        | Reached XP level 13. HP: 97/97 MP: 4/13
  2912 | D        | Noticed a deep elf annihilator
  2927 | D        | Received a gift from Trog
  2944 | D        | Received a gift from Trog
  3089 | D        | Bought a ring of flight for 175 gold pieces
  3091 | D        | Bought a scroll of blinking for 82 gold pieces
  3095 | D        | Bought 2 scrolls of fog for 40 gold pieces
  3096 | D        | Bought a scroll of magic mapping for 45 gold pieces
  3099 | D        | Bought a scroll of acquirement for 728 gold pieces
  3099 | D        | Acquired a manual of Maces & Flails
  3212 | D        | Noticed a mummy priest
  3216 | D        | Killed a deep elf annihilator
  3291 | D        | Killed a mummy priest
  3318 | D        | Noticed Lom Lobon
  3359 | D        | Noticed the 27-headed Lernaean hydra
  3361 | D        | Engulfed by Lom Lobon's freezing vapour

Illustrated notes

Levels and vault maps discovered:
D:        dungeon_sprint_1 [red_sonja_temple_1, red_sonja_temple_small_1]

Skill      XL: |  1  2  3  4  5  6  7  8  9 10 11 12 13 |
---------------+----------------------------------------+-----
Fighting       | 5 7 10 11 14 15 16 18 | 18.6
Maces & Flails | 5 7 9 10 13 14 15 17 18 | 18.5
Armour         | 8 17 24 | 24.0
Shields        | 4 |  4.0
Dodging        | |  1.5

Action                   |  1- 3 |  4- 6 |  7- 9 | 10-12 | 13-15 || total
-------------------------+-------+-------+-------+-------+-------++-------
Melee: Mace              |     8 |    14 |    44 |       |       ||    66
       Morningstar       |       |       |     6 |   153 |    70 ||   229
Invok: Berserk           |     2 |     3 |     5 |    13 |     2 ||    25
       Brothers in Arms  |       |       |       |     2 |       ||     2
  Use: Scroll            |       |       |     1 |     1 |     3 ||     5
Armor: Ring mail         |       |     4 |    30 |    27 |       ||    61
       Scale mail        |       |       |       |    50 |       ||    50
       Gold dragon scale |       |       |       |    19 |    43 ||    62
Dodge: Dodged            |     3 |     3 |    31 |    50 |    31 ||   118
Block: Buckler           |       |       |       |    19 |    11 ||    30
